 Dungeon Crawl Stone Soup version 0.29.0-4-gdea44cf6ec (webtiles) character file.

Game seed: 11800569370642177359

969 qw the Chopper (level 8, -4/48 HPs)
             Began as a Gargoyle Berserker on Sept 8, 2022.
             Was a Believer of Trog.
             Slain by an iguana (9 damage)
             ... on level 6 of the Dungeon.
             The game lasted 00:01:43 (6141 turns).

qw the Chopper (Gargoyle Berserker)                 Turns: 6141, Time: 00:01:43

Health: -4/48      AC: 21    Str: 23    XL:     8   Next: 16%
Magic:  8/8        EV:  6    Int:  8    God:    Trog [**....]
Gold:   333        SH:  8    Dex:  9    Spells: 7/7 levels left

rFire   + + +      SeeInvis .   Y - +0 hand axe
rCold   . . .      Faith    .   p - +0 kite shield
rNeg    + . .      Spirit   .   j - +0 chain mail
rPois   inf        Reflect  .   l - +2 helmet
rElec   +          Harm     .   (no cloak)
rCorr   .          Rampage  .   (no gloves)
Will    .....                   c - +1 pair of boots of the Teacher {Fly rF++ Will-}
Stlth   ..........              e - amulet of the acrobat
HPRegen 0.16/turn               d - ring of protection from fire
MPRegen 0.11/turn               (no ring)

@: on berserk cooldown, flying, slowed, very slow
A: sickness immunity, AC +5, negative energy resistance 1, electricity
resistance, torment resistance 1, petrification resistance, iridescent scales 1,
screaming 1
a: Renounce Religion, Berserk, Trog's Hand


You were on level 6 of the Dungeon.
You worshipped Trog.
Trog was pleased with you.
You visited 1 branch of the dungeon, and saw 6 of its levels.

You collected 333 gold pieces.


Innate Abilities, Weirdness & Mutations

You are immune to sickness and miasma.
Your stone body is resilient. (AC +5)
You are immune to poison.
You resist negative energy. (rN+)
You are resistant to electric shocks. (rElec)
You are resistant to unholy torment.
You are immune to petrification.
You are partially covered in iridescent scales. (AC +2)
You occasionally shout uncontrollably at your foes.


   Skills:
 - Level 4.0 Fighting
 - Level 6.8 Axes
 - Level 3.0 Armour
 - Level 1.5 Dodging
 + Level 5.5 Shields


You had 7 spell levels left.
You didn't know any spells.
Your spell library was empty.

Inventory:

Hand Weapons
 g - a +0 flail of protection
 Y - a +0 hand axe (weapon)
Armour
 c - the +1 pair of boots of the Teacher (worn) {Fly rF++ Will-}
   (You acquired it on level 3 of the Dungeon)

   rF:        It greatly protects you from fire.
   Fly:       It grants you flight.
   Will:      It decreases your willpower.
 j - a +0 chain mail (worn)
 l - a +2 helmet (worn)
 p - a +0 kite shield (worn)
Jewellery
 d - a ring of protection from fire (left hand)
 e - an amulet of the acrobat (around neck)
Scrolls
 h - 2 scrolls of enchant armour
 i - a scroll of identify
Potions
 b - a potion of heal wounds {unknown}
 f - a potion of flight {unknown}
 k - a potion of ambrosia {unknown}
 m - a potion of might

Dungeon Overview and Level Annotations

Branches:
Dungeon (6/15)             Temple (0/1) D:4

Altars:
Qazlal

Shops:
D:3 *

Annotations:
D:3 2 runed translucent doors, qw's ghost, amateur MiFi


Message History

The iguana bites you but does no damage.
The orc wizard points at you and mumbles some strange words.
The puff of flame hits you but does no damage.
You resist.
The orc wizard points at you and mumbles some strange words.
You resist with significant effort. You block the iguana's attack.
You slash the orc wizard!
You kill the orc wizard!
Trog accepts your kill.
Trog appreciates your killing of a magic user.
You hit the iguana.
The iguana bites you but does no damage.
The wight hits you but does no damage.
You closely miss the iguana.
The iguana is lightly wounded.
The iguana bites you but does no damage.
You block the wight's attack.
The wight hits you from afar with a +2 spear.
The iguana bites you.
You slash the iguana!
The iguana is severely wounded.
The iguana bites you but does no damage.
You block the wight's attack.
You closely miss the iguana.
The iguana is severely wounded.
The iguana bites you but does no damage.
You block the wight's attack. The iguana bites you!
The wight hits you but does no damage.
You hit the iguana.
The iguana is severely wounded.
The iguana bites you but does no damage.
The wight hits you from afar with a +2 spear.
The wight hits you but does no damage. The iguana bites you!
You hit the iguana but do no damage.
The iguana is severely wounded.
You block the wight's attack. You block the iguana's attack.
You closely miss the iguana.
The iguana is severely wounded.
The iguana bites you!
You die...

.. .. .. .. ... #.
.. ... #...
#.#.###.#.
#..##.........
.........[.##
...........
#)l)z..... #@# ?.#
##)###..#
+...$...#
#..###..# #..#
#..# #
#..###..#####
.#.##............
#............###.#
# ###.....###..#
.#.#


You could see an iguana and a wight.

Vanquished Creatures
  Eustachio (D:4)
  A black bear (D:5)
  An ogre (D:4)
  A centaur (D:5)
  2 orc priests
  3 jellies
  A gnoll bouda (D:5)
  4 iguanas
  4 orc wizards
  4 adders
  6 gnolls
  3 worms (D:2)
  3 dart slugs
  6 orcs
  7 bats
  5 endoplasms
  3 giant cockroaches
  5 goblins
  3 hobgoblins
  7 jackals
  6 quokkas
  7 ball pythons
  A frilled lizard (D:1)
  7 kobolds
  3 rats
94 creatures vanquished.

Notes
Turn   | Place    | Note
-------+----------+-------------------------------------------
     0 | D:1      | qw the Gargoyle Berserker began the quest for the Orb.
     0 | D:1      | Reached XP level 1. HP: 14/14 MP: 1/1
     0 | D:1      | 0 ||| qw: Version: 0.1-a-112-g44dc6cd
     0 | D:1      | 0 ||| qw: Game counter: 6859
     0 | D:1      | 0 ||| qw: Always use a shield: true
     0 | D:1      | 0 ||| qw: Do Orc after D:15 true
     0 | D:1      | 0 ||| qw: Do second Lair branch before Depths: true
     0 | D:1      | 0 ||| qw: Lair rune preference: random
     0 | D:1      | 0 ||| qw: Plans: Normal
     0 | D:1      | 0 ||| PLANNING D:1-11
   125 | D:1      | Reached skill level 3 in Axes
   241 | D:1      | Reached XP level 2. HP: 19/19 MP: 2/2
   249 | D:1      | 249 ||| Stepping ~*~*~tactically~*~*~ (hiding).
   251 | D:1      | 251 ||| INVOKING Berserk.
   633 | D:1      | You fall into a shaft and drop 1 floor!
   640 | D:2      | 640 ||| UPGRADING to +0 leather armour.
   650 | D:2      | 650 ||| DROPPING +0 animal skin.
   651 | D:2      | 651 ||| UPGRADING to +0 ring mail.
   661 | D:2      | 661 ||| DROPPING +0 leather armour.
   662 | D:2      | 662 ||| UPGRADING to amulet of the acrobat.
   680 | D:1      | Reached XP level 3. HP: 23/23 MP: 3/3
  1103 | D:1      | 1103 ||| INVOKING Berserk.
  1105 | D:1      | Reached skill level 4 in Axes
  1212 | D:1      | Found a faded altar of an unknown god.
  1408 | D:2      | 1408 ||| STAIRDANCE
  1597 | D:2      | 1597 ||| INVOKING Berserk.
  1603 | D:2      | Reached XP level 4. HP: 20/28 MP: 4/4
  1606 | D:2      | Reached ** piety under Trog
  1764 | D:2      | 1764 ||| DROPPING +0 club.
  2295 | D:2      | 2295 ||| UPGRADING to +0 scale mail.
  2305 | D:2      | 2305 ||| DROPPING +0 ring mail.
  2306 | D:2      | 2306 ||| UPGRADING to +0 chain mail.
  2316 | D:2      | 2316 ||| DROPPING +0 scale mail.
  2317 | D:2      | 2317 ||| READING 2 scrolls labelled LIMONOOSAL.
  2362 | D:2      | 2362 ||| READING scroll labelled PIOMNU JUWECK.
  2363 | D:2      | 2363 ||| DROPPING scroll of torment.
  2394 | D:3      | Found Jyut's General Store.
  2400 | D:3      | 2400 ||| SHOPLISTING +0 broad axe of holy wrath (92 gold,
                  | have 56).
  2400 | D:3      | 2400 ||| SHOPLISTING +2 chain mail "Pilozivi" {*Slow rPois
                  | Slay+2} (285 gold, have 56).
  2813 | D:3      | Found a stormy altar of Qazlal.
  2935 | D:3      | Found a large runed translucent door.
  2935 | D:3      | Found a large runed translucent door.
  2936 | D:3      | Noticed qw's ghost (amateur MiFi)
  3099 | D:3      | 3099 ||| UPGRADING to ring of protection from fire.
  3100 | D:3      | 3100 ||| READING scroll labelled GOAKLO OPAL.
  3101 | D:3      | 3101 ||| READING scroll labelled POAKESMO KIHOL.
  3101 | D:3      | Identified a scroll of acquirement
  3101 | D:3      | 3101 ||| ACQUIRING +1 pair of boots of the Teacher {Fly
                  | rF++ Will-}
  3101 | D:3      | Acquired the +1 pair of boots of the Teacher {Fly rF++
                  | Will-}
  3103 | D:3      | 3103 ||| UPGRADING to +1 pair of boots of the Teacher {Fly
                  | rF++ Will-}.
  3108 | D:3      | 3108 ||| READING scroll labelled LIGE TIAZXESSU.
  3109 | D:3      | 3109 ||| DRINKING 2 blue potions.
  3155 | D:3      | 3155 ||| DROPPING potion of lignification.
  3233 | D:4      | 3233 ||| INVOKING Berserk.
  3238 | D:4      | Reached skill level 5 in Axes
  3238 | D:4      | Reached XP level 5. HP: 32/32 MP: 5/5
  3461 | D:4      | 3461 ||| INVOKING Berserk.
  3634 | D:4      | 3634 ||| DROPPING +0 whip.
  3776 | D:4      | Identified the +2 leather armour "Qodwup" {Int+2}
  3813 | D:4      | Noticed Eustachio
  3818 | D:4      | 3818 ||| INVOKING Berserk.
  3826 | D:4      | Killed Eustachio
  3827 | D:4      | Reached skill level 6 in Axes
  3827 | D:4      | Reached XP level 6. HP: 38/38 MP: 6/6
  3938 | D:4      | Found a staircase to the Ecumenical Temple.
  3982 | D:4      | 3982 ||| INVOKING Berserk.
  4107 | D:4      | 4107 ||| INVOKING Berserk.
  4110 | D:4      | Reached skill level 3 in Armour
  4266 | D:4      | 4266 ||| INVOKING Berserk.
  4269 | D:4      | Reached XP level 7. HP: 43/43 MP: 7/7
  4473 | D:4      | 4473 ||| Stepping ~*~*~tactically~*~*~ (stealth).
  4615 | D:4      | 4615 ||| UPGRADING to +0 helmet.
  4620 | D:4      | 4620 ||| UPGRADING to +0 kite shield.
  4625 | D:4      | 4625 ||| READING 2 scrolls of enchant armour.
  4625 | D:4      | 4625 ||| ENCHANTING +0 helmet.
  4626 | D:4      | 4626 ||| READING scroll of enchant armour.
  4626 | D:4      | 4626 ||| ENCHANTING +1 helmet.
  4627 | D:4      | 4627 ||| READING 3 scrolls labelled CIBBIK QIFOERA.
  4628 | D:4      | 4628 ||| READING scroll labelled JAB QICLUYRUX.
  4629 | D:4      | 4629 ||| READING scroll labelled FOZERU CIALUED.
  4630 | D:4      | 4630 ||| DRINKING 2 coppery potions.
  4631 | D:4      | 4631 ||| DRINKING 2 glowing puce potions.
  4631 | D:4      | Gained mutation: You occasionally lose the ability to read
                  | scrolls when taking damage. [potion of mutation]
  4632 | D:4      | 4632 ||| DRINKING potion of mutation.
  4632 | D:4      | Lost mutation: You occasionally lose the ability to read
                  | scrolls when taking damage. [potion of mutation]
  4632 | D:4      | Gained mutation: You are partially covered in iridescent
                  | scales. (AC +2) [potion of mutation]
  4632 | D:4      | Gained mutation: You occasionally shout uncontrollably at
                  | your foes. [potion of mutation]
  4633 | D:4      | 4633 ||| DROPPING 2 scrolls of immolation.
  4658 | D:5      | Entered Level 5 of the Dungeon
  4832 | D:5      | 4832 ||| INVOKING Berserk.
  4947 | D:5      | 4947 ||| DROPPING +0 flail.
  5225 | D:5      | 5225 ||| INVOKING Berserk.
  5228 | D:5      | Reached skill level 3 in Shields
  5244 | D:5      | HP: 9/43 [gnoll/+0 halberd[a gnoll bouda] (3)]
  5246 | D:5      | HP: 4/43 [gnoll/+0 halberd[a gnoll bouda] (6)]
  5575 | D:5      | 5575 ||| INVOKING Berserk.
  5723 | D:5      | Reached XP level 8. HP: 48/48 MP: 8/8
  5821 | D:5      | 5821 ||| INVOKING Berserk.
  6055 | D:5      | 6055 ||| READING scroll labelled BITECR QIUGIPN.
  6056 | D:5      | 6056 ||| DRINKING 2 inky potions.
  6057 | D:5      | 6057 ||| DROPPING potion of brilliance.
  6107 | D:6      | 6107 ||| Stepping ~*~*~tactically~*~*~ (stealth).
  6109 | D:6      | 6109 ||| INVOKING Berserk.
  6128 | D:6      | 6128 ||| DRINKING potion of curing.
  6128 | D:6      | 6128 ||| (to cure confusion)
  6139 | D:6      | HP: 12/48 [wight/+2 spear (1)]
  6139 | D:6      | HP: 5/48 [iguana (7)]
  6141 | D:6      | Slain by an iguana

Levels and vault maps discovered:
D:1:      dpeg_cavernosity, layout_basic, shapermc_ecumenical_altar_gd
D:2:      layout_rooms
D:3:      layout_basic, mainiacjoe_overflow_six_doors_small, serial_shops,
          nicolae_shop_stone, ebering_ghost_disaster_area, hex_large,
          chequers_serial_rivers_small_3, minivault_4
D:4:      layout_rooms, minmay_temple_entry_gardened_gates, uniq_eustachio
D:5:      layout_gridville
D:6:      layout_loops_ring, lemuel_round_altar, grunt_dithmenos_shadows

Skill      XL: |  1  2  3  4  5  6  7  8 |
---------------+-------------------------+-----
Axes           | 3 4 5 6 |  6.8
Fighting       | 4 |  4.0
Armour         | 3 |  3.0
Shields        | 4 5 |  5.5
Dodging        | |  1.5

Action                   |  1- 3 |  4- 6 |  7- 9 || total
-------------------------+-------+-------+-------++-------
Melee: Hand axe          |    90 |   114 |   111 ||   315
       Punch             |       |     2 |       ||     2
Throw: Boomerang         |       |    23 |       ||    23
Invok: Berserk           |     3 |     6 |     5 ||    14
  Use: Scroll            |       |     5 |     6 ||    11
       Potion            |       |     1 |     5 ||     6
Armor: Animal skin       |    12 |       |       ||    12
       Ring mail         |    28 |     7 |       ||    35
       Chain mail        |       |    33 |    83 ||   116
Dodge: Dodged            |    62 |    39 |    47 ||   148
Block: Kite shield       |       |       |    42 ||    42

Table legend:
 A = Non-vault XP
 B = Vault XP
 C = Vault XP percentage of total XP
 D = Non-vault monster count
 E = Vault monster count
 F = Vault count percentage of total count
                 A         B        C        D         E       F
            +---------+---------+-------+---------+---------+-------
      Total |    1171 |     214 |  15.5 |      89 |       5 |   5.3
            +---------+---------+-------+---------+---------+-------
        D:1 |      57 |       6 |   9.5 |      24 |       4 |  14.3
        D:2 |      49 |       0 |   0.0 |      17 |       0 |   0.0
        D:3 |      11 |       0 |   0.0 |       6 |       0 |   0.0
        D:4 |     424 |     208 |  32.9 |      22 |       1 |   4.3
        D:5 |     513 |       0 |   0.0 |      15 |       0 |   0.0
        D:6 |     117 |       0 |   0.0 |       5 |       0 |   0.0
            +---------+---------+-------+---------+---------+-------
